[Event "Titled Tuesday Blitz May 4 2021"]
[White "Arias, Juan Cruz"]
[Black "Onufrienko, Vladislav"]
[WhiteFideId "118540"]
[BlackFideId "13804332"]
[WhiteElo "2083"]
[BlackElo "1661"]
[Result "1-0"]
[Round "07"]
[TimeControl "180+1"]
[Date "2021.05.04"]
[WhiteClock "0:00:29"]
[BlackClock "0:00:02"]

1. e4 Nf6 2. e5 Nd5 3. c4 Nb6 4. a4 a5 5. c5 Nd5 6. Nc3 e6 7. Nxd5 exd5 8. d4 d6 9. Bb5+ c6 10. cxd6 cxb5 11. axb5 Qb6 12. Ne2 Bg4 13. f3 Bd7 14. Nc3 Be6 15. O-O Nd7 16. Kh1 g6 17. Be3 Bg7 18. Qe2 O-O 19. Na4 Qd8 20. Rac1 f6 21. f4 Rc8 22. Bd2 fxe5 23. dxe5 b6 24. Rc6 Nc5 25. Nxc5 bxc5 26. Ra1 Rxc6 27. bxc6 Qb6 28. c7 Qxb2 29. Qe1 d4 30. Rb1 Qa3 31. Bxa5 c4 32. Bb4 Qd3 33. d7 Bxd7 34. Bxf8 Bxf8 35. e6 Bc6 36. c8=Q Be4 37. Rb8 Kg7 38. Qxf8# 1-0


[Site "https://www.chess.com"]

[Event "Titled Tuesday Blitz May 4 2021"]
[White "Aslanov, Umid"]
[Black "Fernandez, Michael"]
[WhiteFideId "13412620"]
[BlackFideId "5803560"]
[WhiteElo "1796"]
[BlackElo "2110"]
[Result "1-0"]
[Round "07"]
[TimeControl "180+1"]
[Date "2021.05.04"]
[WhiteClock "0:00:08"]
[BlackClock "0:00:05"]

1. e4 c6 2. d4 d5 3. Nd2 dxe4 4. Nxe4 Bf5 5. Ng3 Bg6 6. h4 h6 7. Nf3 Nd7 8. h5 Bh7 9. Bd3 Bxd3 10. Qxd3 e6 11. Ne4 Ngf6 12. Bd2 Nxe4 13. Qxe4 Nf6 14. Qe2 Be7 15. g4 Qd5 16. c4 Qe4 17. Qxe4 Nxe4 18. Be3 Bb4+ 19. Ke2 O-O-O 20. a3 Bd6 21. Ne5 Rhf8 22. Nd3 a6 23. Rhd1 Nf6 24. f3 Nd7 25. f4 f5 26. g5 hxg5 27. fxg5 f4 28. Bd2 Rf5 29. Rg1 Rh8 30. c5 Be7 31. Nxf4 Rxg5 32. Nxe6 Rgxh5 33. Rxg7 Rh2+ 34. Kd3 Bf6 35. Rf7 Re8 36. Re1 Bh8 37. Re3 Nf6 38. Nf8 Rxe3+ 39. Bxe3 Nd5 40. Ne6 Bf6 41. Rf8+ Kd7 42. Nf4 Nxf4+ 43. Bxf4 Rh3+ 44. Ke4 Bd8 45. Rf7+ Kc8 46. d5 cxd5+ 47. Kxd5 Rh1 48. Be5 Rd1+ 49. Ke6 Re1 50. b4 Bh4 51. Rf8+ Bd8 52. Kd6 Rd1+ 53. Ke6 Re1 54. Rh8 Re2 55. a4 Re3 56. b5 axb5 57. axb5 Re1 58. c6 bxc6 59. bxc6 Rd1 60. c7 Rd2 61. cxd8=Q+ Rxd8 62. Rh7 Rd7 63. Rh1 Rd3 64. Rb1 1-0


[Site "https://www.chess.com"]

[Event "Titled Tuesday Blitz May 4 2021"]
[White "Baches Garcia, Guillermo"]
[Black "Yavorovsky, Valeriy"]
[WhiteFideId "2209764"]
[BlackFideId "14121549"]
[WhiteElo "2442"]
[BlackElo "2267"]
[Result "1/2-1/2"]
[Round "07"]
[TimeControl "180+1"]
[Date "2021.05.04"]
[WhiteClock "0:00:10"]
[BlackClock "0:00:11"]

1. c4 e6 2. d4 d5 3. Nc3 Be7 4. cxd5 exd5 5. Bf4 c6 6. e3 Bf5 7. Bd3 Bxd3 8. Qxd3 Nd7 9. Nf3 Ngf6 10. O-O O-O 11. h3 Re8 12. Rab1 a5 13. a3 Bf8 14. Ne5 Nxe5 15. Bxe5 Bd6 16. f4 Ne4 17. Nxe4 dxe4 18. Qb3 Re7 19. Qc4 a4 20. Rbd1 Ra5 21. Bxd6 Qxd6 22. f5 Kf8 23. f6 gxf6 24. Rf4 f5 25. Rdf1 Qd5 26. Qe2 Qe6 27. Qh5 Qg6 28. Qh4 h5 29. Qf2 Rb5 30. Qc2 Rb3 31. Rxf5 Rxe3 32. Qc5 Ke8 33. d5 Re2 34. R5f2 Rxf2 35. Rxf2 e3 36. Re2 Qg5 37. Qa7 Qxd5 38. Qb8+ Qd8 39. Qf4 Qd1+ 40. Qf1 Qxf1+ 41. Kxf1 f5 42. g3 h4 43. Kg2 Re4 44. gxh4 f4 45. Kf3 Rc4 46. h5 Kf7 47. Rg2 Rd4 48. h6 Rd6 49. h7 Rh6 50. Kxf4 Rxh3 51. h8=Q Rxh8 52. Kxe3 Rh3+ 53. Kd4 Rb3 54. Kc4 Ke6 55. Rd2 Rg3 56. Kb4 Rg4+ 57. Kc5 Rg5+ 58. Kb4 Rg4+ 59. Kc5 Rg5+ 60. Kb4 Rg4+ 1/2-1/2


[Site "https://www.chess.com"]

[Event "Titled Tuesday Blitz May 4 2021"]
[White "Balaji, Aaravamudhan"]
[Black "Alavi, Sayed Javad"]
[WhiteFideId "436224"]
[BlackFideId "12500607"]
[WhiteElo "2085"]
[BlackElo "2495"]
[Result "0-1"]
[Round "07"]
[TimeControl "180+1"]
[Date "2021.05.04"]
[WhiteClock "0:00:05"]
[BlackClock "0:00:09"]

1. d4 Nf6 2. c4 e6 3. Nc3 d5 4. cxd5 exd5 5. Bg5 c6 6. e3 h6 7. Bh4 Be7 8. Bd3 O-O 9. Nf3 Re8 10. O-O Ne4 11. Bxe7 Qxe7 12. Qc2 Bf5 13. Nd2 Nxd2 14. Qxd2 Bxd3 15. Qxd3 Nd7 16. a3 a5 17. Rab1 Nf6 18. Rfe1 Qd6 19. f3 b5 20. Ne2 Re7 21. Ng3 g6 22. e4 dxe4 23. fxe4 Ng4 24. Rbd1 Qf4 25. Re2 Rd8 26. Rf1 Qg5 27. Qc3 a4 28. h3 Nf6 29. d5 Rd6 30. Ref2 Ne8 31. dxc6 Rc7 32. h4 Qxh4 33. Qe5 Qe7 34. Qxb5 Rdxc6 35. Qxa4 Qe5 36. Qb3 Nd6 37. Qe3 h5 38. Re1 h4 39. Nf1 Rc2 40. Nh2 Rxf2 41. Qxf2 Nxe4 42. Qe3 Re7 43. Nf3 Qf6 44. Kh2 Qd6+ 45. Kg1 h3 46. Qd4 h2+ 47. Kh1 Qxd4 48. Nxd4 Nf2+ 49. Kxh2 Rxe1 50. b4 Ra1 51. Nb5 Nd3 52. Kg3 Nxb4 53. axb4 Rb1 54. Nc7 Rb3+ 55. Kh2 Rxb4 56. Ne8 Rb6 57. Nc7 Rc6 58. Nd5 Rd6 59. Ne7+ Kg7 60. Nc8 Re6 61. Na7 Kf6 62. Nb5 Re5 63. Nd4 Rh5+ 64. Kg3 Rg5+ 65. Kh2 Rh5+ 66. Kg3 Ke5 67. Nc6+ Ke4 68. Nd8 Rg5+ 69. Kh2 Rf5 70. Kg3 Kd5 71. Nb7 Kc6 72. Nd8+ Kc7 0-1


[Site "https://www.chess.com"]

[Event "Titled Tuesday Blitz May 4 2021"]
[White "Bashirli, Saadat"]
[Black "Provotorov, Ivan"]
[WhiteFideId "13429990"]
[BlackFideId "4154657"]
[WhiteElo "1153"]
[BlackElo "2244"]
[Result "0-1"]
[Round "07"]
[TimeControl "180+1"]
[Date "2021.05.04"]
[WhiteClock "0:01:11"]
[BlackClock "0:00:40"]

1. d4 e6 2. e4 d5 3. Nc3 Nf6 4. e5 Nfd7 5. Nf3 c5 6. Be3 Nc6 7. dxc5 Ndxe5 8. Bb5 Bd7 9. O-O Be7 10. Bxc6 Nxf3+ 11. Qxf3 bxc6 12. Rad1 O-O 13. Rfe1 e5 14. Bd2 e4 15. Qe3 f5 16. g3 f4 17. gxf4 Bg4 18. Rc1 Bh4 19. Ne2 Qd7 20. Ng3 Bf3 21. f5 h6 22. c3 Rxf5 23. c4 Rf7 24. cxd5 Qh3 0-1


[Site "https://www.chess.com"]

[Event "Titled Tuesday Blitz May 4 2021"]
[White "Bellahcene, Bilel"]
[Black "Jacobson, Brandon"]
[WhiteFideId "696358"]
[BlackFideId "30901561"]
[WhiteElo "2493"]
[BlackElo "2362"]
[Result "1-0"]
[Round "07"]
[TimeControl "180+1"]
[Date "2021.05.04"]
[WhiteClock "0:00:12"]
[BlackClock "0:00:05"]

1. e4 c5 2. Nf3 Nc6 3. b4 Nxb4 4. c3 Nc6 5. d4 d6 6. d5 Nb8 7. c4 Nf6 8. Nc3 g6 9. h3 Bg7 10. Bd2 O-O 11. Bd3 e5 12. g4 Na6 13. a3 Nc7 14. Rg1 Bd7 15. Rb1 Rb8 16. a4 Na6 17. Nb5 Nb4 18. Bxb4 cxb4 19. Rxb4 a6 20. Nc3 Qa5 21. Qb3 Rfc8 22. Ke2 Be8 23. Rb1 Nd7 24. Rxb7 Kf8 25. Qb4 Qxb4 26. R1xb4 Rxb7 27. Rxb7 Nc5 28. Ra7 Rb8 29. Bc2 Rb4 30. Nd2 Bh6 31. a5 Bg5 32. Ra8 Ke7 33. Kd1 Bd7 34. Ra7 Kd8 35. Nf3 Bf4 36. Nd2 h5 37. f3 h4 38. Ne2 Be3 39. Nb1 Rxc4 40. Nec3 Bd4 41. Kd2 Rb4 42. Ra8+ Ke7 43. Kc1 Be3+ 44. Kd1 Rd4+ 45. Ke2 Bf4 46. Ra7 Kf6 47. Rc7 Rb4 48. Nd2 Rb2 49. Kd1 Be8 50. Nc4 Rb4 51. Nxd6 Rd4+ 52. Ke1 Bd2+ 53. Kf1 Bxc3 54. Nxe8+ Kg5 55. Rxc5 Rd2 56. Rxc3 Kf4 57. Bd3 Kxf3 58. Be2+ Kxe4 59. d6 f5 60. Ke1 Rd4 61. Rd3 1-0


[Site "https://www.chess.com"]

[Event "Titled Tuesday Blitz May 4 2021"]
[White "Belous, Vladimir"]
[Black "Van Foreest, Jorden"]
[WhiteFideId "4174003"]
[BlackFideId "1039784"]
[WhiteElo "2583"]
[BlackElo "2622"]
[Result "1-0"]
[Round "07"]
[TimeControl "180+1"]
[Date "2021.05.04"]
[WhiteClock "0:00:30"]
[BlackClock "0:00:03"]

1. Nf3 g6 2. c4 Nf6 3. Nc3 Bg7 4. e4 d6 5. d4 O-O 6. h3 Nc6 7. Bg5 h6 8. Be3 e5 9. d5 Nd4 10. Nxd4 exd4 11. Bxd4 Nxe4 12. Bxg7 Re8 13. Be2 Kxg7 14. Qd4+ Qf6 15. Qxf6+ Kxf6 16. Nxe4+ Rxe4 17. f3 Re7 18. Kf2 a5 19. h4 a4 20. a3 Ra6 21. Rad1 Rb6 22. Rd2 Bd7 23. Rc1 Rb3 24. c5 Bb5 25. Bxb5 Rxb5 26. cxd6 cxd6 27. Rc4 Ra5 28. g4 Re5 29. Rcd4 g5 30. h5 Rb5 31. Rxa4 Rexd5 32. Rxd5 Rxd5 33. Ke3 Re5+ 34. Kd3 Ke6 35. Rb4 b5 36. Re4 f5 37. Rxe5+ dxe5 38. gxf5+ Kxf5 39. Ke3 e4 40. fxe4+ Ke5 41. b3 Kd6 42. a4 bxa4 43. bxa4 Kc5 44. e5 Kd5 45. a5 1-0


[Site "https://www.chess.com"]

[Event "Titled Tuesday Blitz May 4 2021"]
[White "Berezin, Viktor"]
[Black "Winslow, Elliott"]
[WhiteFideId "14107872"]
[BlackFideId "2002523"]
[WhiteElo "2310"]
[BlackElo "2243"]
[Result "1-0"]
[Round "07"]
[TimeControl "180+1"]
[Date "2021.05.04"]
[WhiteClock "0:00:14"]
[BlackClock "0:00:03"]

1. d4 Nf6 2. Nf3 g6 3. g3 Bg7 4. Bg2 O-O 5. O-O d6 6. a4 a5 7. Nc3 Nc6 8. e4 e5 9. h3 exd4 10. Nxd4 Nxe4 11. Nxc6 Nxc3 12. Nxd8 Nxd1 13. Nxb7 Nxf2 14. Kxf2 Ra7 15. Be3 Rxb7 16. Bxb7 Bxb7 17. c3 f5 18. Rfe1 Be4 19. Bd4 Bh6 20. Be3 Bg7 21. Rad1 Rb8 22. Rd2 h5 23. Bg5 Kf7 24. g4 hxg4 25. hxg4 d5 26. gxf5 gxf5 27. Kg3 Kg6 28. Bf4 Rb7 29. Rg1 c5 30. Kf2+ Kf7 31. Be3 Rc7 32. Kg3 Be5+ 33. Bf4 Kf6 34. Bxe5+ Kxe5 35. Kf2 d4 36. Rgd1 d3 37. Rg1 c4 38. Ke1 Rh7 39. Rf2 Rh3 40. Kd2 f4 41. Rgf1 f3 42. Rg1 Rh5 43. Ke3 Bc6 44. Rg8 Kd6 45. Rg6+ Kc5 46. Kd2 Re5 47. Rg7 Re2+ 48. Rxe2 fxe2 49. Re7 Bxa4 50. Ra7 Kb6 51. Re7 Bc6 52. Re6 Kb5 53. Ke1 1-0


[Site "https://www.chess.com"]

[Event "Titled Tuesday Blitz May 4 2021"]
[White "Bluebaum, Matthias"]
[Black "Eynullayev, Altay"]
[WhiteFideId "24651516"]
[BlackFideId "13413562"]
[WhiteElo "2685"]
[BlackElo "2079"]
[Result "0-1"]
[Round "07"]
[TimeControl "180+1"]
[Date "2021.05.04"]
[WhiteClock "0:00:27"]
[BlackClock "0:00:38"]

1. e3 g6 2. Ke2 Bg7 3. Ke1 d5 4. Nf3 c5 5. d4 Nc6 6. Bb5 Nf6 7. dxc5 Qa5+ 8. Nc3 Ne4 9. Nd4 O-O 10. Bd2 Nxd4 11. exd4 Nxc3 12. Bxc3 Qxb5 13. a4 Qc4 14. Qd2 b6 15. b3 Qa6 16. f3 bxc5 17. dxc5 d4 18. Bb2 Qe6+ 19. Kf2 Qe3+ 20. Qxe3 dxe3+ 21. Kxe3 Bxb2 22. Ra2 Bc3 23. Kd3 Bg7 24. Re1 Bf5+ 25. Kc4 Be6+ 26. Kb5 Rfb8+ 27. Kc6 Rc8+ 28. Kb5 Rab8+ 29. Ka6 Rxc5 30. Kxa7 Rcc8 31. Rd1 Bc3 32. a5 Bb4 33. Ka6 Bc5 0-1


[Site "https://www.chess.com"]

[Event "Titled Tuesday Blitz May 4 2021"]
[White "Bolanos, Fernando"]
[Black "Ptacnikova, Lenka"]
[WhiteFideId "3304094"]
[BlackFideId "305650"]
[WhiteElo "1998"]
[BlackElo "1984"]
[Result "1-0"]
[Round "07"]
[TimeControl "180+1"]
[Date "2021.05.04"]
[WhiteClock "0:00:55"]
[BlackClock "0:01:02"]

1. e4 c5 2. Nf3 e6 3. d4 cxd4 4. Nxd4 a6 5. c4 Nf6 6. Nc3 Bb4 7. Bd3 d5 8. cxd5 exd5 9. e5 Nfd7 10. f4 Nc6 11. Nxc6 bxc6 12. O-O Qb6+ 13. Kh1 Qa7 14. e6 fxe6 15. Qh5+ Ke7 16. Qg5+ Kf7 17. f5 e5 18. Qh5+ Kg8 19. Bh6 Nf6 20. Qh4 e4 21. Nxe4 dxe4 22. Bc4+ Nd5 23. f6 gxf6 24. Qxf6 1-0


[Site "https://www.chess.com"]

[Event "Titled Tuesday Blitz May 4 2021"]
[White "Bologan, Victor"]
[Black "Manukian, Artak"]
[WhiteFideId "13900048"]
[BlackFideId "13301373"]
[WhiteElo "2511"]
[BlackElo "2474"]
[Result "1-0"]
[Round "07"]
[TimeControl "180+1"]
[Date "2021.05.04"]
[WhiteClock "0:00:58"]
[BlackClock "0:00:03"]

1. e4 c6 2. d4 d5 3. e5 Bf5 4. Nf3 e6 5. Be2 c5 6. O-O Nc6 7. c3 Qb6 8. a3 a5 9. Qa4 c4 10. Nbd2 Qa6 11. Qd1 a4 12. Nh4 Bg6 13. f4 Nh6 14. g4 Be7 15. Nxg6 hxg6 16. Qe1 Kd7 17. Qg3 Kc7 18. Nf3 Raf8 19. Ng5 Na5 20. Be3 Nb3 21. Rae1 Kb8 22. Rf2 Ka8 23. h4 f5 24. Rh2 fxg4 25. Bxg4 Nf5 26. Bxf5 gxf5 27. Nf3 Rfg8 28. Kf2 Rh6 29. Rg1 Qc6 30. Ng5 Qe8 31. Qf3 Bxg5 32. fxg5 Rhh8 33. h5 g6 34. Rgh1 Rxh5 35. Rxh5 gxh5 36. Qxh5 Qxh5 37. Rxh5 Kb8 38. Rh6 Re8 39. g6 Rg8 40. Bg5 Kc7 41. Rh7+ 1-0


[Site "https://www.chess.com"]

[Event "Titled Tuesday Blitz May 4 2021"]
[White "Bon, Michael"]
[Black "Von Buelow, Georg"]
[WhiteFideId "620696"]
[BlackFideId "4620658"]
[WhiteElo "2420"]
[BlackElo "2222"]
[Result "0-1"]
[Round "07"]
[TimeControl "180+1"]
[Date "2021.05.04"]
[WhiteClock "0:00:03"]
[BlackClock "0:00:13"]

1. e4 c5 2. Nf3 d6 3. d4 cxd4 4. Nxd4 Nf6 5. Nc3 a6 6. Bg5 e6 7. f4 Qb6 8. Qd2 Qxb2 9. Rb1 Qa3 10. f5 Nc6 11. fxe6 fxe6 12. Nxc6 bxc6 13. e5 dxe5 14. Bxf6 gxf6 15. Ne4 Qxa2 16. Rd1 Be7 17. Be2 O-O 18. O-O Ra7 19. Rf3 f5 20. Rg3+ Kh8 21. Qh6 Bb4 22. Rd8 Qa1+ 23. Bf1 Rf7 24. Ng5 Bc5+ 25. Kh1 Qxf1# 0-1


[Site "https://www.chess.com"]

[Event "Titled Tuesday Blitz May 4 2021"]
[White "Bonte, Andrei-Mihai"]
[Black "Budrewicz, Krzysztof"]
[WhiteFideId "1210297"]
[BlackFideId "1127950"]
[WhiteElo "2200"]
[BlackElo "2276"]
[Result "0-1"]
[Round "07"]
[TimeControl "180+1"]
[Date "2021.05.04"]
[WhiteClock "0:00:02"]
[BlackClock "0:01:10"]

1. d4 Nf6 2. c4 g6 3. Nc3 Bg7 4. e4 O-O 5. Nf3 d6 6. Be2 e5 7. O-O Na6 8. Re1 c6 9. Bf1 Qe7 10. Rb1 Bg4 11. d5 c5 12. a3 Ne8 13. h3 Bd7 14. b4 f5 15. exf5 gxf5 16. bxc5 Nxc5 17. Nd4 Qf7 18. Nb3 Nxb3 19. Rxb3 b6 20. Nb5 Kh8 21. a4 f4 22. Bb2 Rg8 23. Qd2 Bf6 24. Kh2 Qg7 25. a5 a6 26. axb6 axb5 27. b7 Rb8 28. cxb5 Rxb7 29. b6 h6 30. Qa5 Bc8 31. Qc3 Bf5 32. Qc6 Qd7 33. g4 fxg3+ 34. Rxg3 Rxg3 35. fxg3 Qc8 36. Qxc8 Bxc8 37. Rc1 Bd7 0-1


[Site "https://www.chess.com"]

[Event "Titled Tuesday Blitz May 4 2021"]
[White "Brahami, Lamine"]
[Black "Garcia Garcia, Alejandro"]
[WhiteFideId "7905637"]
[BlackFideId "3516334"]
[WhiteElo "1909"]
[BlackElo "2131"]
[Result "0-1"]
[Round "07"]
[TimeControl "180+1"]
[Date "2021.05.04"]
[WhiteClock "0:00:54"]
[BlackClock "0:01:24"]

1. d4 Nf6 2. c4 g6 3. Nc3 Bg7 4. e4 O-O 5. Nf3 d6 6. Be2 e5 7. O-O exd4 8. Nxd4 Re8 9. f3 c6 10. Kh1 d5 11. cxd5 cxd5 12. Ndb5 a6 13. Na3 dxe4 14. Qxd8 Rxd8 15. fxe4 Re8 16. Bf3 Nc6 17. Nc4 Be6 18. Nd6 Re7 19. e5 Nxe5 20. Bxb7 Rd8 21. Bf4 Nh5 22. Nce4 Nxf4 23. Rxf4 f5 24. Bxa6 fxe4 25. Nxe4 Bf5 26. Ng3 Bd3 27. Bb7 Rb8 28. Bd5+ Kh8 29. Rc1 Ba6 30. Ra4 Bb5 31. Re4 Rd7 32. Bb3 Nd3 33. Rg1 Nf2# 0-1


[Site "https://www.chess.com"]

[Event "Titled Tuesday Blitz May 4 2021"]
[White "Brunner, Nicolas"]
[Black "Mikhalevski, Victor"]
[WhiteFideId "620246"]
[BlackFideId "2801914"]
[WhiteElo "2372"]
[BlackElo "2567"]
[Result "0-1"]
[Round "07"]
[TimeControl "180+1"]
[Date "2021.05.04"]
[WhiteClock "0:00:09"]
[BlackClock "0:00:26"]

1. d4 Nf6 2. c4 g6 3. Nc3 d5 4. Bg5 Ne4 5. Bh4 Nxc3 6. bxc3 dxc4 7. e3 Be6 8. Nf3 Nd7 9. Ng5 Bd5 10. e4 h6 11. exd5 hxg5 12. Bxg5 Nb6 13. Bxc4 Nxc4 14. Qa4+ c6 15. Qxc4 Qxd5 16. Qxd5 cxd5 17. Rb1 b6 18. a4 Rc8 19. Kd2 Bh6 20. Bxh6 Rxh6 21. a5 g5 22. axb6 axb6 23. Rb5 Rd6 24. Rhb1 Rcc6 25. f3 Kd7 26. Ra1 e6 27. Ra7+ Rc7 28. Ra8 Rb7 29. Rg8 f6 30. Rg6 Kc6 31. Rb2 Rf7 32. Rg8 Rdd7 33. Re8 Rde7 34. Rb8 Rb7 35. Re8 Kd7 36. Ra8 Rh7 37. h3 Kd6 38. Rf8 Ke7 39. Rc8 Kd6 40. Rf8 f5 41. Rg8 Rh5 42. Kd3 Kc6 43. Rg6 Kd6 44. Rb5 f4 45. Rg8 Kc6 46. c4 g4 47. Rc8+ Kd7 48. Rf8 gxf3 49. gxf3 dxc4+ 50. Kxc4 Rc7+ 51. Kb4 Rxh3 52. Rxf4 Rh1 53. Rf7+ Kc6 54. Rxc7+ Kxc7 55. Re5 Kd6 56. Kb5 Rb1+ 57. Ka6 Rb4 58. Re4 Kd5 59. Re5+ Kd6 60. Re4 Rb3 61. f4 Rb4 62. Kb7 Kd7 63. Re5 Rxd4 64. f5 exf5 65. Rxf5 Rb4 66. Rf6 b5 67. Rb6 Rb1 68. Ka6 b4 69. Ka5 b3 70. Ka4 Ra1+ 0-1


[Site "https://www.chess.com"]

[Event "Titled Tuesday Blitz May 4 2021"]
[White "Bures, Vit"]
[Black "Bugayev, Vladimir"]
[WhiteFideId "309052"]
[BlackFideId "30901480"]
[WhiteElo "2131"]
[BlackElo "2344"]
[Result "0-1"]
[Round "07"]
[TimeControl "180+1"]
[Date "2021.05.04"]
[WhiteClock "0:00:01"]
[BlackClock "0:00:17"]

1. d4 Nf6 2. c4 c5 3. d5 b5 4. cxb5 a6 5. bxa6 Bxa6 6. Nc3 d6 7. e4 Bxf1 8. Kxf1 g6 9. g3 Bg7 10. Kg2 O-O 11. Nf3 Qb6 12. a4 Na6 13. Qe2 Nc7 14. Bg5 Rfb8 15. Rhb1 h6 16. Be3 Qa6 17. Qd2 Rb3 18. Bxh6 Qc4 19. Bxg7 Kxg7 20. Qe3 Rab8 21. Nd2 Qb4 22. Nxb3 Qxb3 23. a5 Na6 24. Ra3 Qc4 25. h3 Rb4 26. Raa1 Rb3 27. f3 Nb4 28. h4 Nc2 29. Qe1 Nxe1+ 0-1


[Site "https://www.chess.com"]

[Event "Titled Tuesday Blitz May 4 2021"]
[White "Camlar, Arda"]
[Black "Kavinda, Akila"]
[WhiteFideId "44576692"]
[BlackFideId "9901302"]
[WhiteElo "2007"]
[BlackElo "2043"]
[Result "0-1"]
[Round "07"]
[TimeControl "180+1"]
[Date "2021.05.04"]
[WhiteClock "0:00:12"]
[BlackClock "0:00:16"]

1. c4 g6 2. Nc3 Bg7 3. Nf3 c5 4. g3 Nc6 5. Bg2 e6 6. O-O Nge7 7. Rb1 O-O 8. d3 d5 9. cxd5 exd5 10. Bd2 b6 11. a3 a5 12. Ne1 Bb7 13. Nc2 d4 14. Nb5 Qd7 15. a4 Nb4 16. Nca3 Bxg2 17. Kxg2 Ned5 18. Nc4 f5 19. Bxb4 axb4 20. Rc1 f4 21. Qb3 Kh8 22. Ncd6 Qc6 23. Ne4 fxg3 24. hxg3 Rf5 25. Qc4 Raf8 26. Kg1 Qe6 27. Kg2 Rxf2+ 28. Rxf2 Ne3+ 29. Kg1 Nxc4 30. Rxf8+ Bxf8 31. Rxc4 Bh6 32. Kg2 Qg4 33. Rc2 Be3 34. a5 bxa5 35. Nxc5 Qf5 36. Nd6 Qf2+ 37. Kh3 Qf1+ 38. Kh4 Qh1+ 39. Kg4 h5# 0-1


[Site "https://www.chess.com"]

[Event "Titled Tuesday Blitz May 4 2021"]
[White "Cella, Glaucio Dalla Cortt"]
[Black "Dylag, Emilia"]
[WhiteFideId "2119455"]
[BlackFideId "21805172"]
[WhiteElo "2011"]
[BlackElo "1871"]
[Result "0-1"]
[Round "07"]
[TimeControl "180+1"]
[Date "2021.05.04"]
[WhiteClock "0:00:02"]
[BlackClock "0:01:28"]

1. e4 e5 2. Nf3 Nc6 3. d4 exd4 4. Bc4 Nf6 5. e5 d5 6. Bb5 Ne4 7. Nxd4 Bd7 8. Bxc6 bxc6 9. O-O Be7 10. f3 Nc5 11. f4 Ne4 12. Nd2 c5 13. Nxe4 dxe4 14. Ne2 Bb5 15. Qe1 O-O 16. Be3 f6 17. e6 f5 18. Rf2 Qd6 19. Nc3 Ba6 20. g4 Qxe6 21. gxf5 Qxf5 22. Rg2 Bf6 23. Bxc5 Qxc5+ 24. Qf2 Bd4 0-1


[Site "https://www.chess.com"]

[Event "Titled Tuesday Blitz May 4 2021"]
[White "Chernomordik, Pavel"]
[Black "Suasnabar, Jesus"]
[WhiteFideId "2804530"]
[BlackFideId "3800776"]
[WhiteElo "2299"]
[BlackElo "2002"]
[Result "1-0"]
[Round "07"]
[TimeControl "180+1"]
[Date "2021.05.04"]
[WhiteClock "0:00:38"]
[BlackClock "0:00:02"]

1. e4 c5 2. Nc3 a6 3. g3 b5 4. Bg2 Bb7 5. Qe2 e6 6. f4 d6 7. d3 Qc7 8. Nf3 Nf6 9. O-O Be7 10. h3 O-O 11. g4 Nc6 12. Be3 Rac8 13. Qf2 Rfe8 14. Ne2 Bf8 15. Ng3 g6 16. g5 Nd7 17. h4 Bg7 18. Rab1 Nd4 19. c3 Nxf3+ 20. Bxf3 d5 21. h5 dxe4 22. dxe4 Nb6 23. Rbe1 Nc4 24. Bc1 b4 25. cxb4 Bd4 26. Be3 Nxe3 27. Rxe3 cxb4 28. Rfe1 Qc2 29. R1e2 Qc1+ 30. Kh2 Bxe3 31. Rxe3 Rc2 32. Re2 Rec8 33. hxg6 hxg6 34. Qb6 Rxe2+ 35. Nxe2 Ba8 36. Nxc1 Rxc1 37. Qd8+ Kg7 38. Qxa8 b3 39. axb3 a5 40. Qxa5 1-0


[Site "https://www.chess.com"]

[Event "Titled Tuesday Blitz May 4 2021"]
[White "Chirila, Ioan-Cristian"]
[Black "Devaev, Alexander"]
[WhiteFideId "1211668"]
[BlackFideId "4169395"]
[WhiteElo "2445"]
[BlackElo "2185"]
[Result "1-0"]
[Round "07"]
[TimeControl "180+1"]
[Date "2021.05.04"]
[WhiteClock "0:01:47"]
[BlackClock "0:00:17"]

1. d4 Nf6 2. c4 e6 3. Nc3 Bb4 4. f3 c5 5. d5 d6 6. e4 e5 7. g4 Nbd7 8. Ne2 Nf8 9. a3 Bxc3+ 10. Nxc3 Ng6 11. h4 h5 12. g5 Nd7 13. Bh3 a6 14. Be3 Nb6 15. Qe2 Bxh3 16. Rxh3 Qd7 17. Rh1 Na4 18. Qc2 Nxc3 19. Qxc3 b5 20. b4 cxb4 21. Qxb4 bxc4 22. Qxc4 O-O 23. Qc6 Qe7 24. Rc1 Nf4 25. Bxf4 exf4 26. Kf2 Rab8 27. Rc2 a5 28. Rhc1 Rb3 29. Qa4 Qa7+ 30. Kg2 Qe3 31. Rf1 Rxa3 32. Qc6 Qb3 33. Rcf2 Qb4 34. Rc1 Rb3 35. Rc4 Qb8 36. Qa6 Rb2 37. Rcc2 Rxc2 38. Rxc2 Qb4 39. Ra2 Rb8 40. Qxa5 Qe1 41. Qxe1 1-0


[Site "https://www.chess.com"]

[Event "Titled Tuesday Blitz May 4 2021"]
[White "Chitlange Sakshi"]
[Black "Heinemann, Josefine"]
[WhiteFideId "35002899"]
[BlackFideId "12900460"]
[WhiteElo "1787"]
[BlackElo "2300"]
[Result "1-0"]
[Round "07"]
[TimeControl "180+1"]
[Date "2021.05.04"]
[WhiteClock "0:00:19"]
[BlackClock "0:00:07"]

1. d4 Nf6 2. c4 g6 3. Nc3 d5 4. cxd5 Nxd5 5. Bd2 Bg7 6. e4 Nxc3 7. Bxc3 O-O 8. Bc4 c5 9. d5 Bxc3+ 10. bxc3 b5 11. Bxb5 Qa5 12. Qd3 Nd7 13. f4 Nf6 14. Ne2 Nxe4 15. Qxe4 Qxb5 16. O-O Bf5 17. Qe3 Rad8 18. Rad1 Qc4 19. Ng3 Bg4 20. Rd2 Rd7 21. h3 Bf5 22. Nxf5 gxf5 23. Qe5 Rfd8 24. Rf3 f6 25. Rg3+ Kh8 26. Qxf5 Rxd5 27. Qg4 1-0


[Site "https://www.chess.com"]

[Event "Titled Tuesday Blitz May 4 2021"]
[White "Christiansen, Johan-Sebastian"]
[Black "Ward-Tsh"]
[WhiteFideId "1512668"]
[WhiteElo "2593"]
[BlackElo "2521"]
[Result "1-0"]
[Round "07"]
[TimeControl "180+1"]
[Date "2021.05.04"]
[WhiteClock "0:01:20"]
[BlackClock "0:01:32"]

1. e4 b6 2. d4 Bb7 3. Nc3 e6 4. Bd3 Bb4 5. Nf3 Nf6 6. Nd2 c5 7. a3 Ba5 8. b4 cxb4 9. Nb5 O-O 10. e5 Nd5 11. Qh5 g6 12. Qh6 Nc6 13. Ne4 bxa3+ 14. Kf1 f5 15. exf6 Nxf6 16. Bg5 Nxe4 17. Bxe4 Ba6 18. Bxg6 hxg6 19. Qxg6+ Kh8 20. Bxd8 Bxb5+ 21. Kg1 Raxd8 22. Rxa3 1-0


[Site "https://www.chess.com"]

[Event "Titled Tuesday Blitz May 4 2021"]
[White "Chyzy, Jakub"]
[Black "Steil-Antoni, Fiona"]
[WhiteFideId "21806209"]
[BlackFideId "4001249"]
[WhiteElo "2013"]
[BlackElo "2059"]
[Result "1-0"]
[Round "07"]
[TimeControl "180+1"]
[Date "2021.05.04"]
[WhiteClock "0:00:12"]
[BlackClock "0:00:02"]

1. b3 d5 2. Bb2 Bg4 3. h3 Bh5 4. g4 Bg6 5. Bg2 c6 6. e3 Nd7 7. Ne2 e5 8. d4 f6 9. dxe5 fxe5 10. f4 Bd6 11. f5 Bf7 12. O-O h5 13. Ng3 hxg4 14. Qxg4 Ngf6 15. Qe2 Qb6 16. Nc3 O-O-O 17. Na4 Qb4 18. e4 Nxe4 19. Nxe4 dxe4 20. a3 Qb5 21. Qxb5 cxb5 22. Nc3 Bc5+ 23. Kh1 Nf6 24. Nxb5 Rd2 25. Bxe5 a6 26. b4 Be7 27. Na7+ Kd7 28. Rad1 Rxd1 29. Rxd1+ Ke8 30. Nc8 Bd8 31. Nd6+ Ke7 32. Nxb7 Bb6 33. Bd6+ Ke8 34. Re1 Ng4 35. Rxe4+ Kd7 36. Rxg4 1-0


[Site "https://www.chess.com"]